General information
- name: BNet
- type: Ladder team game (AT/RT)
- host: Battle.net
- saver: JacobCampbell23
map: MarketSquare
- players: 8
- length: 83:13
- speed: Fast
- version: 1.28 W3XP
- replay type: Public
» download(604 KB)
Players
team 1 (loser)
fenugreek (
pink | 39 APM | 2882 actions | 74:49)
1 Demon Hunter
1 Evasion
5 Priestess of the Moon
3 Trueshot Aura
2 Searing Arrows
» actions
| Assign group hotkey | 18 | |
| Basic commands | 177 | |
| Build / train | 55 | |
| Enter build submenu | 12 | |
| Enter hero's abilities submenu | 6 | |
| Right click | 1115 | |
| Select / deselect | 136 | |
| Select group hotkey | 1316 | |
| Use ability | 46 | |
2882 total
» units
| Wisp | 12 | |
| Archer | 10 | |
| Glaive Thrower | 1 | |
23 total
» upgrades
| Improved Bows | 1 | |
| Moon Armor | 3 | |
| Strength of the Moon | 3 | |
| Ultravision | 1 | |
| Marksmanship | 1 | |
| Vorpal Blades | 1 | |
10 total
» buildings
| Altar of Elders | 1 | |
| Ancient of War | 2 | |
| Moon Well | 6 | |
| Tree of Ages | 2 | |
| Tree of Eternity | 1 | |
| Hunter's Hall | 1 | |
| Ancient of Wind | 1 | |
14 total
» build order
00:06 Altar of Elders
00:11 Ancient of War
00:21 Moon Well
01:43 Ancient of War
02:16 Moon Well
03:19 Moon Well
04:00 Tree of Ages
04:01 Tree of Ages
06:55 Tree of Eternity
07:02 Hunter's Hall
07:05 Moon Well
10:54 Ancient of Wind
20:24 Moon Well
20:29 Moon Well
» items
| Boots of Speed | 1 | |
| Periapt of Vitality | 2 | |
| Circlet of Nobility | 2 | |
| Scroll of Town Portal | 6 | |
11 total
BLOODLUST (
yellow | 22 APM | 1275 actions | 57:32)
7 Demon Hunter
3 Evasion
3 Immolation
1 Metamorphosis
7 Priestess of the Moon
3 Trueshot Aura
3 Searing Arrows
1 Starfall
» actions
| Build / train | 109 | |
| Enter build submenu | 23 | |
| Enter hero's abilities submenu | 13 | |
| Right click | 649 | |
| Select / deselect | 433 | |
| Use ability | 48 | |
1275 total
» units
| Wisp | 44 | |
| Archer | 20 | |
| Hippogryph | 12 | |
| Chimaera | 2 | |
78 total
» upgrades
| Strength of the Moon | 3 | |
| Moon Armor | 3 | |
| Improved Bows | 1 | |
| Strength of the Wild | 1 | |
| Reinforced Hides | 1 | |
| Hippogryph Taming | 1 | |
| Marksmanship | 1 | |
| Corrosive Breath | 1 | |
12 total
» buildings
| Altar of Elders | 1 | |
| Moon Well | 8 | |
| Ancient of War | 2 | |
| Hunter's Hall | 1 | |
| Ancient of Wonders | 1 | |
| Tree of Life | 2 | |
| Tree of Ages | 1 | |
| Ancient Protector | 3 | |
| Ancient of Wind | 2 | |
| Tree of Eternity | 1 | |
| Chimaera Roost | 2 | |
24 total
» build order
00:26 Altar of Elders
00:40 Moon Well
01:00 Moon Well
01:42 Ancient of War
02:00 Ancient of War
02:19 Moon Well
02:59 Hunter's Hall
03:04 Ancient of Wonders
03:23 Moon Well
04:53 Moon Well
05:51 Tree of Life
06:15 Tree of Ages
06:41 Ancient Protector
06:44 Ancient Protector
06:55 Ancient Protector
10:23 Moon Well
11:14 Ancient of Wind
11:18 Ancient of Wind
11:21 Moon Well
12:20 Moon Well
19:54 Tree of Eternity
24:52 Chimaera Roost
26:10 Chimaera Roost
28:11 Tree of Life
Cerberus (
teal | 48 APM | 3974 actions | 82:03)
10 Far Seer
3 Feral Spirit
3 Chain Lighting
1 Earth Quake
3 Far Sight
» actions
| Basic commands | 12 | |
| Build / train | 119 | |
| Enter build submenu | 15 | |
| Enter hero's abilities submenu | 10 | |
| Give item / drop item | 4 | |
| Right click | 2948 | |
| Select / deselect | 550 | |
| Use ability | 315 | |
3974 total
» units
| Peon | 13 | |
| Grunt | 4 | |
| Wind Rider | 20 | |
| Shaman | 8 | |
45 total
» upgrades
| Shaman Training | 2 | |
| Spiked Barricades | 1 | |
| Ranged Weapons | 2 | |
| Envenomed Spears | 1 | |
| Reinforced Defenses | 1 | |
7 total
» buildings
| Orc Burrow | 5 | |
| Altar of Storms | 1 | |
| Barracks | 1 | |
| Voodoo Lounge | 2 | |
| War Mill | 1 | |
| Stronghold | 1 | |
| Watch Tower | 2 | |
| Beastiary | 1 | |
| Spirit Lodge | 1 | |
| Fortress | 1 | |
16 total
» build order
00:08 Orc Burrow
00:15 Altar of Storms
00:29 Barracks
01:42 Orc Burrow
01:58 Voodoo Lounge
03:17 War Mill
03:24 Voodoo Lounge
04:04 Stronghold
04:47 Watch Tower
05:10 Watch Tower
05:27 Orc Burrow
06:27 Beastiary
06:31 Spirit Lodge
06:45 Orc Burrow
11:15 Fortress
11:42 Orc Burrow
» items
| Lesser Clarity Potion | 17 | |
| Healing Salve | 6 | |
| Scroll of Speed | 4 | |
| Boots of Speed | 2 | |
| Potion of Healing | 5 | |
| Potion of Mana | 6 | |
| Scroll of Town Portal | 10 | |
| Orb of Lightning | 1 | |
| Staff of Teleportation | 1 | |
| Potion of Lesser Invulnerability | 2 | |
54 total
Lt_Adrilotron (
purple | 28 APM | 2340 actions | 83:13)
6 Paladin
2 Holy Light
3 Devotion Aura
1 Divine Shield
» actions
| Basic commands | 3 | |
| Build / train | 125 | |
| Enter build submenu | 50 | |
| Enter hero's abilities submenu | 7 | |
| Remove unit from queue | 4 | |
| Right click | 1067 | |
| Select / deselect | 788 | |
| Use ability | 296 | |
2340 total
» units
| Peasant | 12 | |
| Sorceress | 14 | |
| Priest | 12 | |
| Spell Breaker | 1 | |
| Gryphon Rider | 2 | |
| Dragonhawk Rider | 4 | |
45 total
» upgrades
| Sorceress Training | 2 | |
| Priest Training | 2 | |
| Lumber Harvesting | 1 | |
| Magic Sentry | 1 | |
| Backpack | 1 | |
| Control Magic | 1 | |
| Cloud | 1 | |
9 total
» buildings
| Altar of Kings | 1 | |
| Farm | 9 | |
| Lumber Mill | 1 | |
| Scout Tower | 55 | |
| Keep | 1 | |
| Arcane Tower | 14 | |
| Arcane Vault | 1 | |
| Arcane Sanctum | 2 | |
| Castle | 1 | |
| Guard Tower | 16 | |
| Gryphon Aviary | 1 | |
| Town Hall | 1 | |
| Blacksmith | 1 | |
104 total
» build order
00:05 Altar of Kings
00:08 Farm
00:51 Lumber Mill
01:07 Scout Tower
01:42 Farm
02:24 Farm
02:25 Farm
03:40 Farm
03:41 Farm
03:43 Keep
03:45 Arcane Tower
04:57 Arcane Vault
06:10 Arcane Sanctum
06:18 Farm
09:22 Castle
09:28 Farm
10:41 Scout Tower
12:47 Guard Tower
16:00 Farm
17:33 Scout Tower
17:34 Scout Tower
18:29 Guard Tower
18:31 Scout Tower
19:15 Guard Tower
19:18 Scout Tower
19:34 Scout Tower
20:48 Arcane Tower
20:50 Scout Tower
21:33 Arcane Tower
23:30 Arcane Sanctum
23:37 Scout Tower
25:05 Arcane Tower
25:07 Arcane Tower
28:37 Arcane Tower
29:00 Scout Tower
30:18 Arcane Tower
30:20 Scout Tower
30:49 Scout Tower
30:50 Guard Tower
31:22 Arcane Tower
31:24 Scout Tower
31:28 Scout Tower
31:36 Scout Tower
32:12 Arcane Tower
32:14 Scout Tower
32:15 Scout Tower
32:15 Scout Tower
32:16 Scout Tower
32:17 Scout Tower
32:19 Arcane Tower
33:14 Arcane Tower
33:16 Arcane Tower
33:20 Scout Tower
33:21 Scout Tower
33:21 Scout Tower
33:23 Scout Tower
33:23 Scout Tower
33:24 Scout Tower
33:25 Scout Tower
33:26 Scout Tower
33:27 Scout Tower
34:17 Arcane Tower
34:19 Guard Tower
34:25 Scout Tower
34:26 Scout Tower
35:30 Guard Tower
35:31 Guard Tower
35:32 Guard Tower
35:34 Arcane Tower
35:37 Guard Tower
37:09 Guard Tower
37:10 Guard Tower
37:18 Scout Tower
37:18 Scout Tower
37:24 Guard Tower
37:27 Scout Tower
38:35 Scout Tower
38:41 Scout Tower
38:53 Guard Tower
38:57 Guard Tower
39:29 Guard Tower
41:14 Gryphon Aviary
45:22 Scout Tower
46:33 Scout Tower
47:15 Guard Tower
56:39 Scout Tower
56:40 Scout Tower
56:41 Scout Tower
56:42 Scout Tower
58:08 Town Hall
59:19 Blacksmith
59:54 Scout Tower
59:55 Scout Tower
59:56 Scout Tower
59:56 Scout Tower
63:21 Scout Tower
63:22 Scout Tower
63:26 Scout Tower
71:45 Scout Tower
71:47 Scout Tower
71:48 Scout Tower
73:06 Scout Tower
73:11 Scout Tower
80:23 Scout Tower
» items
| Lesser Clarity Potion | 4 | |
| Potion of Mana | 5 | |
| Potion of Healing | 9 | |
| Staff of Teleportation | 1 | |
| Scroll of Regeneration | 2 | |
| Ivory Tower | 2 | |
| Scroll of Town Portal | 4 | |
| Orb of Fire | 1 | |
28 total
team 2 (winner)
fdlkgndoen (
red | 44 APM | 3696 actions | 83:13)
10 Blademaster
3 Wind Walk
3 Critical Strike
1 Bladestorm
3 Mirror Image
» actions
| Assign group hotkey | 13 | |
| Basic commands | 215 | |
| Build / train | 150 | |
| ESC pressed | 2 | |
| Enter build submenu | 45 | |
| Enter hero's abilities submenu | 10 | |
| Give item / drop item | 14 | |
| Remove unit from queue | 2 | |
| Right click | 1535 | |
| Select / deselect | 582 | |
| Select group hotkey | 16 | |
| Use ability | 1112 | |
3696 total
» units
| Peon | 78 | |
| Wind Rider | 4 | |
| Troll Witch Doctor | 15 | |
97 total
» upgrades
| Spiked Barricades | 2 | |
| Reinforced Defenses | 1 | |
| Witch Doctor Training | 2 | |
5 total
» buildings
| Altar of Storms | 1 | |
| Orc Burrow | 3 | |
| War Mill | 2 | |
| Voodoo Lounge | 1 | |
| Watch Tower | 289 | |
| Stronghold | 1 | |
| Beastiary | 2 | |
| Fortress | 1 | |
| Spirit Lodge | 1 | |
| Great Hall | 6 | |
307 total
» build order
00:22 Altar of Storms
00:28 Orc Burrow
00:37 War Mill
01:07 Voodoo Lounge
01:52 Watch Tower
01:52 Watch Tower
01:55 Watch Tower
01:56 Watch Tower
01:58 Watch Tower
01:58 Watch Tower
01:59 Watch Tower
02:00 Watch Tower
02:01 Watch Tower
02:01 Watch Tower
02:02 Watch Tower
02:03 Watch Tower
02:03 Watch Tower
02:05 Watch Tower
02:05 Watch Tower
02:06 Watch Tower
02:07 Watch Tower
02:15 Watch Tower
02:37 Watch Tower
03:36 Stronghold
04:25 Orc Burrow
04:29 Orc Burrow
06:03 Beastiary
06:13 Beastiary
06:25 Fortress
07:40 Spirit Lodge
10:48 Watch Tower
10:48 Watch Tower
10:50 Watch Tower
10:51 Watch Tower
12:36 Watch Tower
12:37 Watch Tower
12:37 Watch Tower
12:38 Watch Tower
12:39 Watch Tower
12:40 Watch Tower
12:40 Watch Tower
12:41 Watch Tower
12:42 Watch Tower
12:43 Watch Tower
12:43 Watch Tower
12:44 Watch Tower
12:46 Watch Tower
12:47 Watch Tower
12:50 Watch Tower
12:50 Watch Tower
12:51 Watch Tower
12:52 Watch Tower
12:53 Watch Tower
12:54 Watch Tower
15:58 Watch Tower
15:59 Watch Tower
16:00 Watch Tower
16:03 Watch Tower
16:03 Watch Tower
17:01 Watch Tower
17:06 Watch Tower
17:07 Watch Tower
17:08 Watch Tower
18:23 Watch Tower
18:24 Watch Tower
18:25 Watch Tower
18:25 Watch Tower
18:26 Watch Tower
18:27 Watch Tower
21:40 Watch Tower
21:41 Watch Tower
21:41 Watch Tower
21:42 Watch Tower
21:43 Watch Tower
21:44 Watch Tower
22:25 Watch Tower
22:26 Watch Tower
22:27 Watch Tower
22:28 Watch Tower
22:30 Watch Tower
22:32 Watch Tower
22:33 Watch Tower
22:34 Watch Tower
22:36 Watch Tower
22:36 Watch Tower
22:37 Watch Tower
22:38 Watch Tower
22:38 Watch Tower
22:39 Watch Tower
28:42 Watch Tower
28:42 Watch Tower
28:43 Watch Tower
28:43 Watch Tower
29:48 Watch Tower
29:49 Watch Tower
29:50 Watch Tower
29:51 Watch Tower
30:51 Great Hall
31:41 Great Hall
34:22 Watch Tower
34:23 Watch Tower
34:23 Watch Tower
34:23 Watch Tower
34:34 Watch Tower
34:34 Watch Tower
34:34 Watch Tower
34:35 Watch Tower
39:04 Watch Tower
39:04 Watch Tower
39:04 Watch Tower
39:04 Watch Tower
39:05 Watch Tower
39:05 Watch Tower
39:05 Watch Tower
39:05 Watch Tower
39:06 Watch Tower
39:06 Watch Tower
39:06 Watch Tower
39:07 Watch Tower
39:07 Watch Tower
39:07 Watch Tower
39:08 Watch Tower
39:08 Watch Tower
39:08 Watch Tower
39:08 Watch Tower
39:09 Watch Tower
39:09 Watch Tower
39:09 Watch Tower
39:09 Watch Tower
39:09 Watch Tower
39:10 Watch Tower
39:10 Watch Tower
39:10 Watch Tower
39:15 War Mill
43:47 Great Hall
45:00 Watch Tower
45:01 Watch Tower
45:01 Watch Tower
45:02 Watch Tower
45:02 Watch Tower
45:02 Watch Tower
45:04 Watch Tower
45:04 Watch Tower
45:04 Watch Tower
45:05 Watch Tower
47:33 Watch Tower
47:33 Watch Tower
47:33 Watch Tower
47:34 Watch Tower
47:34 Watch Tower
47:34 Watch Tower
47:35 Watch Tower
47:35 Watch Tower
47:36 Watch Tower
47:36 Watch Tower
47:39 Watch Tower
47:40 Watch Tower
47:40 Watch Tower
47:59 Watch Tower
47:59 Watch Tower
47:59 Watch Tower
48:00 Watch Tower
48:00 Watch Tower
48:01 Watch Tower
48:01 Watch Tower
48:01 Watch Tower
48:02 Watch Tower
48:02 Watch Tower
48:03 Watch Tower
48:03 Watch Tower
48:04 Watch Tower
48:04 Watch Tower
48:04 Watch Tower
48:05 Watch Tower
48:06 Watch Tower
48:06 Watch Tower
48:06 Watch Tower
48:07 Watch Tower
48:07 Watch Tower
48:08 Watch Tower
48:08 Watch Tower
48:08 Watch Tower
48:09 Watch Tower
48:09 Watch Tower
50:55 Great Hall
51:02 Watch Tower
51:03 Watch Tower
51:03 Watch Tower
51:04 Watch Tower
51:04 Watch Tower
51:05 Watch Tower
51:06 Watch Tower
51:06 Watch Tower
51:06 Watch Tower
51:07 Watch Tower
51:07 Watch Tower
51:08 Watch Tower
51:08 Watch Tower
51:09 Watch Tower
51:09 Watch Tower
51:09 Watch Tower
51:09 Watch Tower
51:10 Watch Tower
51:10 Watch Tower
51:10 Watch Tower
51:11 Watch Tower
51:12 Watch Tower
51:12 Watch Tower
51:13 Watch Tower
51:13 Watch Tower
51:13 Watch Tower
51:13 Watch Tower
57:57 Watch Tower
57:57 Watch Tower
57:58 Watch Tower
57:58 Watch Tower
57:59 Watch Tower
57:59 Watch Tower
58:00 Watch Tower
58:04 Watch Tower
58:05 Watch Tower
58:06 Watch Tower
58:06 Watch Tower
59:50 Watch Tower
59:50 Watch Tower
61:20 Watch Tower
61:27 Watch Tower
62:21 Great Hall
62:23 Watch Tower
62:23 Watch Tower
62:23 Watch Tower
62:24 Watch Tower
62:24 Watch Tower
62:25 Watch Tower
62:25 Watch Tower
62:25 Watch Tower
62:26 Watch Tower
62:26 Watch Tower
62:26 Watch Tower
62:27 Watch Tower
62:27 Watch Tower
62:27 Watch Tower
62:28 Watch Tower
62:28 Watch Tower
62:29 Watch Tower
62:29 Watch Tower
62:29 Watch Tower
62:30 Watch Tower
62:31 Watch Tower
62:31 Watch Tower
62:31 Watch Tower
62:32 Watch Tower
70:03 Great Hall
70:06 Watch Tower
70:06 Watch Tower
70:06 Watch Tower
70:07 Watch Tower
70:07 Watch Tower
70:07 Watch Tower
70:08 Watch Tower
70:08 Watch Tower
70:08 Watch Tower
70:09 Watch Tower
70:09 Watch Tower
70:09 Watch Tower
70:10 Watch Tower
70:10 Watch Tower
70:10 Watch Tower
70:11 Watch Tower
70:12 Watch Tower
70:12 Watch Tower
70:13 Watch Tower
70:13 Watch Tower
70:13 Watch Tower
70:13 Watch Tower
» items
| Healing Salve | 5 | |
| Lesser Clarity Potion | 5 | |
| Circlet of Nobility | 3 | |
| Boots of Speed | 1 | |
| Staff of Teleportation | 2 | |
| Potion of Lesser Invulnerability | 8 | |
| Potion of Mana | 2 | |
| Orb of Lightning | 1 | |
27 total

»
JK-Y (
blue | 90 APM | 2422 actions | 26:50)
6 Blademaster
2 Wind Walk
3 Critical Strike
1 Bladestorm
4 Shadow Hunter
2 Hex
2 Healing Wave
» actions
| Assign group hotkey | 37 | |
| Basic commands | 88 | |
| Build / train | 78 | |
| ESC pressed | 9 | |
| Enter build submenu | 12 | |
| Enter hero's abilities submenu | 10 | |
| Give item / drop item | 4 | |
| Remove unit from queue | 3 | |
| Right click | 1192 | |
| Select / deselect | 440 | |
| Select group hotkey | 422 | |
| Use ability | 127 | |
2422 total
» units
| Peon | 22 | |
| Grunt | 6 | |
| Raider | 3 | |
| Spirit Walker | 1 | |
| Troll Witch Doctor | 1 | |
| Troll Batrider | 6 | |
| Kodo Beast | 1 | |
40 total
» upgrades
| Pillage | 1 | |
| Backpack | 1 | |
| Ensnare | 1 | |
| Shaman Training | 1 | |
4 total
» buildings
| Altar of Storms | 1 | |
| Orc Burrow | 4 | |
| Barracks | 1 | |
| Voodoo Lounge | 2 | |
| Stronghold | 1 | |
| War Mill | 1 | |
| Beastiary | 1 | |
| Great Hall | 1 | |
| Spirit Lodge | 1 | |
| Fortress | 1 | |
14 total
» build order
00:07 Altar of Storms
00:19 Orc Burrow
00:36 Barracks
01:26 Voodoo Lounge
01:51 Orc Burrow
03:11 Stronghold
03:44 Orc Burrow
03:46 War Mill
06:39 Beastiary
08:44 Great Hall
09:24 Orc Burrow
09:26 Spirit Lodge
09:28 Fortress
18:35 Voodoo Lounge
» items
| Healing Salve | 4 | |
| Lesser Clarity Potion | 1 | |
| Boots of Speed | 2 | |
| Circlet of Nobility | 2 | |
| Scroll of Speed | 1 | |
| Potion of Healing | 1 | |
| Orb of Lightning | 1 | |
| Staff of Teleportation | 1 | |
| Periapt of Vitality | 1 | |
14 total
JacobCampbell23 (
green | 61 APM | 5052 actions | 83:13)
1 Paladin
1 Divine Shield
9 Mountain King
3 Storm Bolt
3 Bash
1 Avatar
2 Thunder Clap
» actions
| Assign group hotkey | 98 | |
| Basic commands | 37 | |
| Build / train | 205 | |
| Enter build submenu | 151 | |
| Enter hero's abilities submenu | 11 | |
| Give item / drop item | 3 | |
| Remove unit from queue | 2 | |
| Right click | 2176 | |
| Select / deselect | 718 | |
| Select group hotkey | 1336 | |
| Use ability | 315 | |
5052 total
» units
| Peasant | 72 | |
| Flying Machine | 11 | |
| Gryphon Rider | 7 | |
| Mortar Team | 6 | |
| Dragonhawk Rider | 5 | |
101 total
» upgrades
| Masonry | 3 | |
| Lumber Harvesting | 2 | |
| Magic Sentry | 1 | |
| Gunpowder | 3 | |
| Plating | 4 | |
| Flak Cannons | 1 | |
| Flying Machine Bombs | 1 | |
| Armor | 3 | |
| Swords | 3 | |
| Animal War Training | 1 | |
| Fragmentation Shards | 1 | |
| Flare | 1 | |
| Cloud | 1 | |
| Storm Hammers | 1 | |
26 total
» buildings
| Keep | 1 | |
| Lumber Mill | 5 | |
| Scout Tower | 132 | |
| Farm | 10 | |
| Arcane Tower | 5 | |
| Guard Tower | 32 | |
| Altar of Kings | 1 | |
| Castle | 1 | |
| Arcane Sanctum | 1 | |
| Town Hall | 10 | |
| Arcane Vault | 6 | |
| Blacksmith | 2 | |
| Workshop | 4 | |
| Gryphon Aviary | 4 | |
| Barracks | 1 | |
215 total
» build order
02:07 Keep
02:22 Lumber Mill
02:25 Scout Tower
02:57 Farm
02:58 Farm
03:03 Arcane Tower
03:11 Farm
03:11 Farm
03:12 Farm
03:13 Farm
03:48 Scout Tower
03:49 Scout Tower
03:51 Scout Tower
03:53 Scout Tower
05:40 Guard Tower
05:44 Scout Tower
05:45 Scout Tower
05:46 Scout Tower
05:47 Scout Tower
05:52 Scout Tower
05:53 Scout Tower
06:03 Altar of Kings
06:21 Guard Tower
06:22 Guard Tower
06:24 Arcane Tower
06:26 Arcane Tower
07:23 Arcane Tower
07:24 Castle
07:38 Scout Tower
07:42 Scout Tower
07:44 Scout Tower
07:46 Scout Tower
07:49 Scout Tower
07:51 Scout Tower
07:53 Scout Tower
07:54 Scout Tower
07:57 Scout Tower
07:58 Scout Tower
08:01 Scout Tower
08:02 Scout Tower
09:03 Guard Tower
09:08 Guard Tower
09:15 Guard Tower
09:29 Scout Tower
09:30 Scout Tower
09:32 Scout Tower
09:34 Scout Tower
09:34 Scout Tower
09:35 Scout Tower
09:42 Scout Tower
09:43 Scout Tower
09:54 Arcane Sanctum
11:40 Arcane Tower
14:13 Town Hall
14:24 Scout Tower
14:25 Scout Tower
14:26 Scout Tower
14:26 Scout Tower
14:27 Scout Tower
14:28 Scout Tower
14:32 Scout Tower
14:33 Scout Tower
14:35 Scout Tower
14:42 Scout Tower
14:43 Scout Tower
14:45 Scout Tower
14:46 Scout Tower
14:47 Scout Tower
14:49 Scout Tower
14:50 Scout Tower
14:51 Scout Tower
14:52 Scout Tower
14:53 Scout Tower
14:54 Scout Tower
14:55 Scout Tower
14:56 Scout Tower
14:57 Scout Tower
14:59 Scout Tower
15:00 Scout Tower
15:06 Guard Tower
15:17 Arcane Vault
15:22 Guard Tower
15:27 Guard Tower
15:28 Guard Tower
15:35 Lumber Mill
17:50 Guard Tower
19:18 Scout Tower
19:18 Scout Tower
19:19 Scout Tower
19:20 Scout Tower
19:20 Scout Tower
19:22 Scout Tower
19:50 Town Hall
20:16 Scout Tower
20:18 Scout Tower
20:21 Scout Tower
20:24 Scout Tower
20:41 Guard Tower
21:10 Scout Tower
21:10 Scout Tower
21:10 Scout Tower
21:11 Scout Tower
21:13 Scout Tower
21:13 Scout Tower
21:13 Scout Tower
21:17 Scout Tower
21:20 Guard Tower
21:58 Guard Tower
22:29 Town Hall
22:33 Scout Tower
22:33 Scout Tower
22:34 Scout Tower
22:34 Scout Tower
22:35 Scout Tower
22:35 Scout Tower
23:09 Guard Tower
23:28 Guard Tower
23:30 Guard Tower
23:42 Scout Tower
23:42 Scout Tower
24:01 Guard Tower
24:29 Scout Tower
24:30 Scout Tower
24:31 Scout Tower
24:33 Scout Tower
24:33 Scout Tower
24:34 Scout Tower
24:35 Scout Tower
24:35 Scout Tower
24:36 Scout Tower
24:51 Arcane Vault
25:16 Guard Tower
25:38 Scout Tower
25:38 Scout Tower
25:39 Scout Tower
25:42 Scout Tower
25:42 Scout Tower
25:43 Scout Tower
26:27 Scout Tower
26:28 Scout Tower
26:28 Scout Tower
26:39 Guard Tower
27:57 Guard Tower
28:01 Blacksmith
28:02 Blacksmith
28:46 Workshop
28:47 Workshop
28:52 Workshop
28:58 Workshop
30:39 Guard Tower
31:27 Farm
31:28 Farm
34:14 Town Hall
38:27 Town Hall
38:37 Arcane Vault
46:16 Lumber Mill
47:25 Lumber Mill
47:41 Lumber Mill
47:58 Scout Tower
48:00 Scout Tower
48:02 Scout Tower
48:04 Scout Tower
48:34 Guard Tower
50:45 Gryphon Aviary
50:59 Gryphon Aviary
51:55 Gryphon Aviary
51:58 Gryphon Aviary
54:50 Farm
55:37 Town Hall
55:41 Scout Tower
55:41 Scout Tower
55:42 Scout Tower
55:42 Scout Tower
55:47 Scout Tower
55:54 Scout Tower
55:55 Scout Tower
55:55 Scout Tower
55:56 Scout Tower
56:14 Guard Tower
56:16 Guard Tower
56:40 Guard Tower
56:44 Arcane Vault
56:47 Arcane Vault
56:53 Guard Tower
60:43 Town Hall
63:46 Barracks
67:05 Farm
71:07 Scout Tower
71:07 Scout Tower
71:37 Guard Tower
71:48 Scout Tower
71:48 Scout Tower
71:49 Scout Tower
71:50 Scout Tower
72:03 Scout Tower
72:03 Scout Tower
72:04 Scout Tower
72:05 Scout Tower
72:26 Town Hall
72:32 Town Hall
72:34 Guard Tower
72:53 Guard Tower
76:11 Arcane Vault
79:54 Town Hall
79:57 Scout Tower
79:58 Scout Tower
79:58 Scout Tower
80:01 Scout Tower
80:02 Scout Tower
80:02 Scout Tower
80:03 Scout Tower
80:03 Scout Tower
80:03 Scout Tower
80:26 Guard Tower
81:08 Guard Tower
» items
| Periapt of Vitality | 2 | |
| Boots of Speed | 2 | |
| Potion of Invisibility | 4 | |
| Potion of Lesser Invulnerability | 2 | |
| Staff of Teleportation | 3 | |
| Scroll of Town Portal | 6 | |
| Orb of Fire | 1 | |
| Potion of Healing | 2 | |
| Scroll of Regeneration | 1 | |
| Potion of Mana | 1 | |
| Lesser Clarity Potion | 1 | |
25 total

»
cupo (
orange | 57 APM | 1734 actions | 30:16)
5 Naga Sea Witch
3 Forked Lightning
2 Mana Shield
4 Death Knight
2 Death Coil
2 Unholy Aura
» actions
| Assign group hotkey | 130 | |
| Basic commands | 3 | |
| Build / train | 66 | |
| Enter build submenu | 20 | |
| Enter hero's abilities submenu | 9 | |
| Give item / drop item | 3 | |
| Right click | 954 | |
| Select / deselect | 294 | |
| Select group hotkey | 161 | |
| Use ability | 94 | |
1734 total
» units
| Acolyte | 3 | |
| Ghoul | 16 | |
| Gargoyle | 11 | |
| Frost Wyrm | 7 | |
37 total
» upgrades
| Unholy Strength | 1 | |
| Creature Attack | 2 | |
| Stone Form | 1 | |
| Freezing Breath | 1 | |
5 total
» buildings
| Ziggurat | 13 | |
| Altar of Darkness | 1 | |
| Crypt | 1 | |
| Graveyard | 1 | |
| Tomb of Relics | 1 | |
| Halls of the Dead | 1 | |
| Sacrificial Pit | 1 | |
| Black Citadel | 1 | |
| Boneyard | 3 | |
| Spirit Tower | 1 | |
24 total
» build order
00:19 Ziggurat
00:24 Altar of Darkness
00:41 Crypt
01:12 Graveyard
01:18 Tomb of Relics
01:34 Ziggurat
03:19 Halls of the Dead
04:26 Ziggurat
04:30 Ziggurat
06:27 Sacrificial Pit
06:52 Black Citadel
08:30 Ziggurat
08:32 Ziggurat
08:33 Ziggurat
08:34 Ziggurat
08:35 Ziggurat
10:21 Boneyard
10:25 Boneyard
10:30 Boneyard
10:36 Ziggurat
10:38 Ziggurat
11:36 Spirit Tower
19:45 Ziggurat
19:55 Ziggurat
» items
| Rod of Necromancy | 1 | |
| Potion of Lesser Invulnerability | 2 | |
| Boots of Speed | 1 | |
| Orb of Corruption | 1 | |
| Orb of Lightning | 1 | |
| Staff of Teleportation | 1 | |
| Scroll of Town Portal | 1 | |
| Potion of Invisibility | 1 | |
9 total
Chat log
(00:28 / All) JK-Y: i like fenugreek too
(02:10 / Allies) cupo: feed me green then you cunt
(20:29 / All) Lt_Adrilotron: haha
(24:57 / All) Lt_Adrilotron: i see you red
(26:35 / All) Lt_Adrilotron: haha !
(26:39 / Allies) JK-Y: k im done for
(27:30 / All) Lt_Adrilotron: oh no you don't red
(27:47 / All) Lt_Adrilotron: you lose
(27:49 / All) Lt_Adrilotron: ha
(29:13 / Allies) cupo: build bats and end their bases
(29:18 / Allies) cupo: ill control them if you want
(30:05 / All) Lt_Adrilotron: you can't destroys my castle red
(30:07 / All) Lt_Adrilotron: you lose
(31:19 / All) Lt_Adrilotron: attack me red :)
(31:33 / All) Lt_Adrilotron: i'm ready
(32:46 / All) Lt_Adrilotron: ha ha !
(33:07 / All) Lt_Adrilotron: i see you red...
(33:37 / Allies) JacobCampbell23: get a shadow hunter to hex either potm with starfall
(33:39 / Allies) JacobCampbell23: or the earthquake
(35:13 / All) Lt_Adrilotron: you don't need tower
(35:16 / All) Lt_Adrilotron: to protect you
(35:25 / All) Lt_Adrilotron: ha ha!
(36:03 / Allies) JacobCampbell23: lumber
(36:34 / All) Lt_Adrilotron: you luck
(36:38 / All) JacobCampbell23: ha-ha!
(36:38 / All) Lt_Adrilotron: i haven't mana
(36:42 / All) Lt_Adrilotron: you lose
(36:50 / All) Lt_Adrilotron: you can't destroy me
(37:55 / All) JacobCampbell23: ha-ha!
(37:55 / All) Lt_Adrilotron: kill me unit
(37:58 / All) Lt_Adrilotron: i don't need
(39:03 / All) Lt_Adrilotron: attack me red :)
(39:08 / All) Lt_Adrilotron: i'm ready
(39:16 / All) Lt_Adrilotron: you scared
(42:12 / All) Lt_Adrilotron: helicopter is usless
(42:39 / All) Lt_Adrilotron: oh no you don't green !
(42:48 / All) JacobCampbell23: how much gold do you have?
(42:50 / All) JacobCampbell23: I have 9k lmao
(43:01 / All) Lt_Adrilotron: i don't need gold
(43:02 / All) Lt_Adrilotron: me
(43:03 / All) Lt_Adrilotron: :)
(43:31 / All) Lt_Adrilotron: i don't take any gold mine
(44:27 / All) Lt_Adrilotron: attack me...
(44:30 / All) Lt_Adrilotron: im' boring
(44:59 / Allies) JacobCampbell23: do you speak english?
(46:11 / Allies) JacobCampbell23: lumber?
(46:11 / Allies) JacobCampbell23: wood?
(46:21 / Allies) JacobCampbell23: goddamnit
(47:44 / Allies) JacobCampbell23: wish I never gave you lumber
(47:47 / Allies) JacobCampbell23: I could fucking use it right now
(49:56 / Allies) JacobCampbell23: attack the paladin
(50:00 / Allies) JacobCampbell23: it doesn't have divine shield
(50:12 / Allies) JacobCampbell23: purple no invul
(50:22 / Allies) JacobCampbell23: you speaky engrish?>
(51:29 / All) Lt_Adrilotron: ha ha !
(51:44 / Allies) JacobCampbell23: paladin
(51:45 / Allies) JacobCampbell23: purple
(51:46 / Allies) JacobCampbell23: ez
(51:49 / Allies) JacobCampbell23: no divine shield
(52:43 / All) Lt_Adrilotron: lol
(52:45 / All) Lt_Adrilotron: red
(52:52 / All) Lt_Adrilotron: you can't kill me
(53:03 / All) JacobCampbell23: he refuses to talk, not sure that he speaks english
(53:11 / All) Lt_Adrilotron: oh
(56:23 / All) Lt_Adrilotron: i build
(56:26 / All) Lt_Adrilotron: agai,
(56:30 / All) Lt_Adrilotron: you can't kill me
(57:20 / All) Lt_Adrilotron: y
(57:29 / All) Lt_Adrilotron: how much ?
(60:10 / All) Lt_Adrilotron: it is a noob technic
(61:25 / Allies) JacobCampbell23: how the fuck they keep getting gold!?
(61:31 / Allies) JacobCampbell23: they've spent like 20k on tps
(62:47 / Allies) JacobCampbell23: teal covert mhs
(67:18 / All) JacobCampbell23: teal why do you covert mh
(68:38 / All) JacobCampbell23: you almost got lucky
(68:55 / All) Lt_Adrilotron: yes
(70:15 / All) JacobCampbell23: I need an ally that can speak ENGRISH!!!
(70:23 / All) Lt_Adrilotron: yes
(70:35 / All) Lt_Adrilotron: to win yes
(70:51 / All) JacobCampbell23: where are you guys getting gold?
(70:56 / All) JacobCampbell23: you've spent like 20k on tps
(71:08 / All) Lt_Adrilotron: it's a secret
(71:20 / All) Lt_Adrilotron: ^^
(71:45 / All) fdlkgndoen: i hate trump
(71:50 / All) Lt_Adrilotron: yes
(72:00 / All) fdlkgndoen: and purple
(72:04 / All) Lt_Adrilotron: and red
(72:05 / All) Lt_Adrilotron: me
(73:58 / All) JacobCampbell23: God
(74:11 / All) JacobCampbell23: just had tp get level fucking 6
(74:23 / All) Lt_Adrilotron: ^^
(74:57 / All) Lt_Adrilotron: oh no
(78:29 / All) fdlkgndoen: u lost cuz teal
(80:58 / All) JacobCampbell23: forgot bird upgrades derp
(81:58 / All) Cerberus: gg
(83:10 / All) JacobCampbell23: MAKE AMERICA GREAT AGAIN